 Dungeon Crawl Stone Soup version 0.20-a0-1122-gb7cbeb9 (webtiles) character file.

12037 Angani the Dealer of Despair (level 11, -9/81 HPs)
             Began as a Demonspawn Necromancer on May 13, 2017.
             Was an Elder of Kikubaaqudgha.
             Mangled by a komodo dragon (28 damage)
             ... on level 1 of the Lair of Beasts.
             The game lasted 00:53:30 (18549 turns).

Angani the Dealer of Despair (DsNe)                Turns: 18549, Time: 00:53:30

Health: -9/81      AC: 12    Str: 14    XL:     11   Next: 57%
Magic:  26/26      EV: 12    Int: 20    God:    Kikubaaqudgha [****..]
Gold:   571        SH:  0    Dex: 18    Spells: 13/32 levels left

rFire    + . .     SeeInvis .   w - +4 quarterstaff (crush)
rCold    . . .     Gourm    .   (shield currently unavailable)
rNeg     + . .     Faith    .   K - +2 ring mail "Ciaghag" {rN+ Dex+5}
rPois    .         Spirit   .   p - +0 helmet
rElec    .         Reflect  .   m - +1 cloak
rCorr    .         Harm     .   (gloves unavailable)
MR       .....                  (no boots)
Stlth    +++.......             i - amulet of magic regeneration
Regen    0.3/turn               x - +2 ring of protection
MPRegen  0.3/turn               r - ring of Shadows {Umbra +Inv Stlth+}

@: mighty, wreathed by umbra
A: claws 3, hooves 1, molten scales 1, deformed body, fire resistance 1, foul
stench 2, rot immunity, subdued magic 1
a: Receive Corpses, Renounce Religion, Evoke Invisibility


You were on level 1 of the Lair of Beasts.
You worshipped Kikubaaqudgha.
Kikubaaqudgha was greatly pleased with you.
You were very hungry.

You visited 2 branches of the dungeon, and saw 12 of its levels.
You also visited: Sewer and Bailey.

You collected 571 gold pieces.

Inventory:

Hand Weapons
 w - a +4 quarterstaff of crushing (weapon)
Armour
 m - a +1 cloak (worn)
 p - a +0 helmet (worn)
 K - the +2 ring mail "Ciaghag" (worn) {rN+ Dex+5}
   (You found it on level 10 of the Dungeon)

   It affects your dexterity (+5).
   It protects you from negative energy.
Magical Staves
 L - an uncursed staff of power
Jewellery
 e - a +2 ring of intelligence
 i - an amulet of magic regeneration (around neck)
 r - the ring of Shadows (right claw) {Umbra +Inv Stlth+}
   (You found it on level 5 of the Dungeon)

   [ring of stealth]

   It lets you turn invisible.
   It makes you more stealthy.
 x - a +2 ring of protection (left claw)
 y - an uncursed ring of ice
 B - a +5 ring of strength {unknown}
 E - a cursed -3 ring of evasion {unknown}
Wands
 q - a wand of flame (32/48)
 t - a wand of lightning (7/15)
 u - a wand of digging (7/24)
 A - a wand of acid (4/15)
 I - a wand of flame (6/48)
Scrolls
 a - 2 scrolls of magic mapping
 f - 5 scrolls of remove curse
 j - 4 scrolls of teleportation
 C - a scroll of torment {unknown}
 D - a scroll of recharging
 G - 2 scrolls of fog {unknown}
Potions
 h - 2 potions of haste
 l - a potion of heal wounds
 o - 2 potions of magic
 s - 3 potions of brilliance
Books
 b - a book of Necromancy

   Spells                             Type                      Level
   a - Pain                           Necromancy                   1
   b - Animate Skeleton               Necromancy                   1
   c - Vampiric Draining              Necromancy                   3
   d - Regeneration                   Charms/Necromancy            3
   e - Animate Dead                   Necromancy                   4
   f - Control Undead                 Necromancy                   4
 d - Kikubaaqudgha's Incunabulum of Darkness
   (Kikubaaqudgha gifted it to you in a sewer)

   Spells                             Type                      Level
   a - Pain                           Necromancy                   1
   b - Corpse Rot                     Necromancy                   2
   c - Sublimation of Blood           Necromancy                   2
   d - Regeneration                   Charms/Necromancy            3
   e - Control Undead                 Necromancy                   4
 g - a book of Conjurations

   Spells                             Type                      Level
   a - Magic Dart                     Conjuration                  1
   b - Searing Ray                    Conjuration                  2
   c - Dazzling Spray                 Conjuration/Hexes            3
   d - Fulminant Prism                Conjuration/Hexes            4
   e - Force Lance                    Conjuration/Translocation    4
   f - Iskenderun's Mystic Blast      Conjuration                  4
 n - Kikubaaqudgha's Compendium of Sinister Secrets
   (Kikubaaqudgha gifted it to you on level 6 of the Dungeon)

   Spells                             Type                      Level
   a - Animate Dead                   Necromancy                   4
   b - Excruciating Wounds            Charms/Necromancy            5
   c - Bolt of Draining               Conjuration/Necromancy       5
   d - Dispel Undead                  Necromancy                   5
   e - Simulacrum                     Ice/Necromancy               6
 H - a book of Maledictions

   Spells                             Type                      Level
   a - Corona                         Hexes                        1
   b - Ensorcelled Hibernation        Hexes/Ice                    2
   c - Confuse                        Hexes                        3
   d - Tukima's Dance                 Hexes                        3
   e - Dazzling Spray                 Conjuration/Hexes            3
Comestibles
 c - a bread ration
 k - a royal jelly
 v - 5 fruits
 z - 2 meat rations


   Skills:
 + Level 6.1 Fighting
 - Level 6.0 Staves
 - Level 3.0 Armour
 - Level 3.1 Dodging
 - Level 1.7 Stealth
 - Level 11.0 Spellcasting
 - Level 3.5 Conjurations
 - Level 11.0 Necromancy


You had 13 spell levels left.
You knew the following spells:

 Your Spells              Type           Power        Failure   Level  Hunger
a - Pain                  Necr           ####         1%          1    None
b - Searing Ray           Conj           ###...       3%          2    None
c - Animate Dead          Necr           N/A          1%          4    ##.....
d - Corpse Rot            Necr           N/A          1%          2    None
e - Control Undead        Necr           #####.....   1%          4    ##.....
f - Animate Skeleton      Necr           N/A          1%          1    None
g - Dispel Undead         Necr           #####...     2%          5    ####...


Dungeon Overview and Level Annotations

Branches:
Dungeon (11/15)            Temple (0/1) D:7            Lair (1/6) D:8
    Orc: D:9-12

Altars:
Ashenzari
Hepliaklqana
Kikubaaqudgha
Nemelex Xobeh
Okawaru
Qazlal
Ru
Vehumet
Xom
Yredelemnul
Zin

Shops:
D:4 *

Annotations:
D:3 gorpus's ghost, amateur DECj
D:6 gorpus's ghost, novice DEEE
D:10 exclusion: 2 doors
D:11 Psyche


Innate Abilities, Weirdness & Mutations

You have claws for hands.
You are partially covered in molten scales. (AC +2)
You frequently emit foul miasma when damaged in melee.
You are immune to rotting.
You have large cloven feet.
Armour fits poorly on your strangely shaped body.
Your flesh is heat resistant. (rF+)
Your spells are a little easier to cast, but a little less powerful.


Message History

The floor.
Unknown command.
You feel much better. The komodo dragon bites you!
You feel very mighty all of a sudden. The komodo dragon misses you.
You sock the komodo dragon! Your kick misses the komodo dragon.
The komodo dragon is heavily wounded.
The komodo dragon bites you but does no damage.
You miss the komodo dragon.
The komodo dragon is heavily wounded.
The komodo dragon bites you!!
* * * LOW HITPOINT WARNING * * *
You hit the komodo dragon. You kick the komodo dragon.
The komodo dragon is heavily wounded.
The komodo dragon bites you but does no damage.
You barely miss the komodo dragon.
The komodo dragon is heavily wounded.
The komodo dragon bites you!!
You die...
Kikubaaqudgha rasps: "You have failed me!
Welcome... death!"

..#.........#.......##
..#..(.#..#.....#....#
...#########...##....#
....### #...###...#
..#...# #....###.##
..#...### #....#.#..#
.....+..# ###.......#.#
.....#.## #P....l...).#
.#...#.# ###....@.....##
....#..##....#...##......
...##...........PP#.#.....
.#. ##...###........#.....
##. #.<.#......#.........
................ >... ....
................ .....
..........#...## ......
##........#...#


You could see a komodo dragon.

Vanquished Creatures
  4 two-headed ogres
  Pikel (D:5)
  Maurice (D:8)
  A troll (D:11)
  2 hippogriffs (D:8)
  Grinder (D:5)
  Sigmund (D:6)
  A wyvern (D:9)
  2 hungry ghosts
  The ghost of EvilAshe the Vandal, an amateur HaHu (Sewer)
  Edmund (D:5)
  A water moccasin (D:7)
  A porcupine (Lair:1)
  Duvessa (D:5)
  A black bear (D:9)
  6 ice beasts
  3 orc warriors
  3 slaves (D:5)
  2 phantoms
  3 sky beasts
  2 necrophages
  7 ogres
  5 centaurs
  A big kobold (D:9)
  A crocodile (D:10)
  11 bullfrogs
  A wyvern zombie (D:6)
  2 scorpions
  4 killer bees (D:7)
  3 wights
  3 electric eels (D:9)
  2 howler monkeys (D:8)
  A centaur zombie (D:8)
  2 crimson imps (D:10)
  3 bullfrog zombies
  Crazy Yiuf (D:5)
  5 hounds
  2 jellies
  A quasit (D:8)
  4 orc priests
  A bullfrog skeleton (D:9)
  2 centaur skeletons
  2 iguanas
  12 orc wizards
  7 worker ants
  A hound zombie (D:7)
  2 hound skeletons
  A howler monkey skeleton (D:4)
  4 worker ant zombies
  3 gnolls (D:6)
  2 river rats (D:6)
  12 adders
  16 oozes
  An adder zombie (D:8)
  3 adder skeletons
  4 worms
  5 dart slugs
  16 leopard geckos
  26 orcs
  14 giant cockroaches
  9 hobgoblins
  6 jackals
  3 quokkas
  9 ball pythons
  5 bats
  12 frilled lizards
  3 goblins
  15 kobolds
  8 rats
302 creatures vanquished.

Vanquished Creatures (collateral kills)
  A two-headed ogre (D:10)
  An ugly thing (D:10)
  A cyclops (D:11)
  A gargoyle (D:10)
  An orc warrior (D:10)
  An ogre (D:7)
  A big kobold (D:11)
  5 wights
  A crimson imp (D:10)
  An orc priest (D:10)
  A gnoll (D:6)
  A leopard gecko (Sewer)
  2 orcs
  2 kobolds (D:11)
20 creatures vanquished.

Vanquished Creatures (others)
  Dowan (D:5)
1 creature vanquished.

Grand Total: 323 creatures vanquished

Notes
Turn   | Place    | Note
-------+----------+-------------------------------------------
     0 | D:1      | Angani the Demonspawn Necromancer began the quest for the Orb.
     0 | D:1      | Reached XP level 1. HP: 13/13 MP: 3/3
   642 | D:1      | Gained mutation: You have sharp fingernails. [demonic ancestry]
   642 | D:1      | Reached XP level 2. HP: 19/19 MP: 3/5
  1419 | D:1      | Gained mutation: You are immune to rotting. [demonic ancestry]
  1419 | D:1      | Reached XP level 3. HP: 12/24 MP: 3/7
  2060 | D:2      | Found a stormy altar of Qazlal.
  2612 | D:2      | Reached skill level 5 in Necromancy
  2889 | D:2      | Gained mutation: You are clumsy. (Dex -2) [potion of mutation]
  2889 | D:2      | Gained mutation: You evolve. [potion of mutation]
  2889 | D:2      | Gained mutation: Your mind is acute. (Int +2) [potion of mutation]
  2919 | D:3      | Learned a level 2 spell: Searing Ray
  3114 | D:3      | Reached skill level 1 in Conjurations
  3114 | D:3      | Gained mutation: You may emit foul miasma when damaged in melee. [demonic ancestry]
  3114 | D:3      | Reached XP level 4. HP: 25/30 MP: 1/8
  3523 | D:3      | Noticed gorpus's ghost (amateur DECj)
  4022 | D:3      | Found a radiant altar of Vehumet.
  4023 | D:3      | Found a sparkling altar of Nemelex Xobeh.
  4408 | D:4      | Noticed an ogre
  4414 | D:4      | Killed an ogre
  4414 | D:4      | Gained mutation: You have very sharp fingernails. [demonic ancestry]
  4414 | D:4      | Reached XP level 5. HP: 35/35 MP: 1/9
  4474 | D:4      | Found Zin's Purification Station.
  4475 | D:4      | Found a glowing silver altar of Zin.
  4553 | D:4      | Reached skill level 1 in Fighting
  4845 | D:4      | Found an ancient bone altar of Kikubaaqudgha.
  4858 | D:4      | Became a worshipper of Kikubaaqudgha
  4951 | D:4      | Found an iron altar of Okawaru.
  5062 | D:4      | Reached XP level 6. HP: 41/46 MP: 3/10
  5255 | D:4      | Found a sparkling altar of Nemelex Xobeh.
  5659 | D:5      | Entered Level 5 of the Dungeon
  5659 | D:5      | Noticed Edmund
  5669 | D:5      | Killed Edmund
  5669 | D:5      | Gained mutation: You are partially covered in molten scales. (AC +2) [demonic ancestry]
  5669 | D:5      | Reached XP level 7. HP: 29/54 MP: 1/11
  5871 | D:5      | Found a runed door.
  5875 | D:5      | Noticed Crazy Yiuf
  5881 | D:5      | Killed Crazy Yiuf
  5972 | D:5      | Lost mutation: You evolve. [end of evolution]
  6085 | D:5      | Noticed Grinder
  6096 | D:5      | Noticed Pikel
  6490 | D:5      | Killed Pikel
  6490 | D:5      | Reached XP level 8. HP: 30/60 MP: 2/12
  6717 | D:5      | Learned a level 4 spell: Animate Dead
  6718 | D:5      | Noticed Duvessa
  6718 | D:5      | Noticed Dowan
  6933 | D:5      | Killed Dowan
  6987 | D:5      | Paralysed by Grinder for 2 turns
  6997 | D:5      | Killed Grinder
  7098 | D:5      | Killed Duvessa
  7384 | D:6      | Noticed Sigmund
  7389 | D:6      | Killed Sigmund
  7455 | D:6      | Found a glowing silver altar of Zin.
  7475 | D:6      | Reached skill level 1 in Armour
  7573 | D:6      | Found a glowing drain.
  7595 | Sewer    | Entered a sewer
  7685 | Sewer    | Noticed EvilAshe's ghost (amateur HaHu)
  7714 | Sewer    | Killed EvilAshe's ghost
  7714 | Sewer    | Gained mutation: You have claws for hands. [demonic ancestry]
  7714 | Sewer    | Reached XP level 9. HP: 65/65 MP: 10/13
  7866 | Sewer    | Reached * piety under Kikubaaqudgha
  7866 | Sewer    | Identified Kikubaaqudgha's Incunabulum of Darkness (Kikubaaqudgha gifted it to you in a sewer)
  7866 | Sewer    | Received a gift from Kikubaaqudgha
  7899 | Sewer    | Learned a level 2 spell: Corpse Rot
  7904 | Sewer    | Learned a level 4 spell: Control Undead
  8315 | Sewer    | Reached ** piety under Kikubaaqudgha
  8322 | Sewer    | Learned a level 1 spell: Animate Skeleton
  9413 | D:6      | Noticed gorpus's ghost (novice DEEE)
  9765 | D:7      | Found a flagged portal.
  9934 | Bailey   | Entered a bailey
 10198 | D:7      | Found a basalt altar of Yredelemnul.
 10303 | D:7      | Reached skill level 10 in Necromancy
 10348 | D:6      | Reached *** piety under Kikubaaqudgha
 10348 | D:6      | Identified Kikubaaqudgha's Compendium of Sinister Secrets (Kikubaaqudgha gifted it to you on level 6 of the Dungeon)
 10348 | D:6      | Received a gift from Kikubaaqudgha
 10953 | D:7      | Found a staircase to the Ecumenical Temple.
 11522 | D:8      | Reached XP level 10. HP: 62/71 MP: 16/16
 11583 | D:8      | Lost mutation: You are clumsy. (Dex -2) [potion of mutation]
 11583 | D:8      | Lost mutation: Your mind is acute. (Int +2) [potion of mutation]
 11583 | D:8      | Gained mutation: Your spells are a little easier to cast, but a little less powerful. [potion of mutation]
 11583 | D:8      | Gained mutation: Armour fits poorly on your strangely shaped body. [potion of mutation]
 11583 | D:8      | Gained mutation: Your flesh is heat resistant. (rF+) [potion of mutation]
 11583 | D:8      | Gained mutation: You have large cloven feet. [potion of mutation]
 11783 | D:8      | Found a staircase to the Lair.
 11792 | D:8      | Reached skill level 5 in Spellcasting
 11817 | D:8      | Learned a level 5 spell: Dispel Undead
 11834 | D:8      | Noticed a two-headed ogre
 11871 | D:8      | Noticed Maurice
 11888 | D:8      | Noticed a two-headed ogre
 11889 | D:8      | Killed Maurice
 12253 | D:8      | Killed a two-headed ogre
 12886 | D:8      | Noticed a two-headed ogre
 12906 | D:8      | Found a shattered altar of Ashenzari.
 12922 | D:8      | Killed a two-headed ogre
 13817 | D:8      | Killed a two-headed ogre
 14422 | D:9      | Gained mutation: You frequently emit foul miasma when damaged in melee. [demonic ancestry]
 14422 | D:9      | Reached XP level 11. HP: 72/77 MP: 19/24
 14655 | D:9      | Found a hazy altar of Hepliaklqana.
 15105 | D:9      | Found a sacrificial altar of Ru.
 15105 | D:9      | Found a shimmering altar of Xom.
 15320 | D:9      | Reached **** piety under Kikubaaqudgha
 15386 | D:9      | Reached skill level 10 in Spellcasting
 15430 | D:10     | Entered Level 10 of the Dungeon
 15614 | D:10     | Got a distressingly furry ring mail
 15625 | D:10     | Identified the +2 ring mail "Ciaghag" {rN+ Dex+5} (You found it on level 10 of the Dungeon)
 15634 | D:10     | Noticed a two-headed ogre
 15657 | D:10     | Killed a two-headed ogre
 15763 | D:10     | Noticed a green ugly thing
 15791 | D:10     | Killed a green ugly thing
 16289 | D:10     | Noticed a two-headed ogre
 16306 | D:10     | Killed a two-headed ogre
 17244 | D:11     | Noticed Psyche
 17463 | D:11     | Reached skill level 5 in Fighting
 18496 | Lair:1   | Entered Level 1 of the Lair of Beasts
 18549 | Lair:1   | Mangled by a komodo dragon

Vault maps used:
D:1:      scummos_arrival_checkerplants
D:2:      kennysheep_big_flooded_room, grunt_qazlal_sundering
D:3:      lemuel_coloured_pillars_altar, gammafunk_temple_overflow_pools,
          first_bread
D:4:      okawaru_trees_2, kiku_gazebo_garden_becter, zin_purify,
          nemelex_dance_club_becter
D:5:      kennysheep_small_circle, uniq_grinder, uniq_crazy_yiuf_cottage,
          uniq_duvessa, uniq_edmund, uniq_pikel
D:6:      basic_altar, serial_glass, glass_columns_c, glass_columns_b,
          portal_sewer_entry_b, uniq_sigmund
D:7:      lemuel_crystal_altar, minmay_temple_entry_glassed_door, enter_bailey_8
D:8:      ashenzari_altar_1, lair_entry_dummy, uniq_maurice
D:9:      gammafunk_temple_overflow_statue, basic_altar, serial_bayou,
          serial_bayou_crossing, serial_bayou_pond_d, serial_bayou_pond_b,
          serial_bayou_ford_a, serial_bayou_shore_a
D:11:     uniq_fannar, uniq_psyche
Lair:1:   basic_altar, grunt_megastairs_2
Sewer:    sewer_frog_island_02
Bailey:   bailey_polearm_5, bailey

Skill      XL: |  1  2  3  4  5  6  7  8  9 10 11 |
---------------+----------------------------------+-----
Spellcasting   | 3 4 9 11 | 11.0
Necromancy     | 5 8 11 | 11.0
Conjurations   | 1 3 |  3.5
Fighting       | 2 4 6 |  6.1
Staves         | 2 6 |  6.0
Armour         | 2 3 |  3.0
Dodging        | 3 |  3.1
Stealth        | |  1.7

Action                   |  1- 3 |  4- 6 |  7- 9 | 10-12 || total
-------------------------+-------+-------+-------+-------++-------
Melee: Unarmed           |     3 |       |       |       ||     3
       Hand axe          |       |    10 |       |       ||    10
       Quarterstaff      |       |    24 |   205 |   327 ||   556
       Kick              |       |       |       |    85 ||    85
 Cast: Pain              |    89 |    82 |   307 |   162 ||   640
       Searing Ray       |       |     4 |     8 |     5 ||    17
       Control Undead    |       |       |     6 |    15 ||    21
       Animate Dead      |       |       |     5 |     9 ||    14
       Animate Skeleton  |       |       |     1 |     5 ||     6
       Corpse Rot        |       |       |       |     4 ||     4
Invok: Receive Corpses   |       |       |     1 |     5 ||     6
 Abil: Evoke Invisibilit |       |       |       |     1 ||     1
Evoke: Wand              |       |       |     6 |     2 ||     8
  Use: Scroll            |     5 |     3 |     7 |     6 ||    21
       Potion            |     1 |       |     3 |     4 ||     8
 Stab: Sleeping          |       |     1 |     1 |    10 ||    12
       Distracted        |       |       |     2 |     4 ||     6
       Betrayed ally     |       |       |       |     1 ||     1
  Eat: Chunk             |     6 |     9 |    16 |    17 ||    48
       Bread ration      |       |       |     2 |     2 ||     4
       Royal jelly       |       |       |     1 |     1 ||     2
       Fruit             |       |       |       |     4 ||     4
Armor: Robe              |     3 |    14 |    11 |       ||    28
       Leather armour    |       |       |    98 |    69 ||   167
       Skin              |       |       |    12 |       ||    12
       Ring mail         |       |       |       |    59 ||    59
Dodge: Dodged            |     8 |    31 |   268 |   255 ||   562
